MLB
PITTSBURGH PIRATES @ ATLANTA BRAVES
10/09/2098
 
TOP OF THE 1ST
Pittsburgh Pirates batting - Pitching for Atlanta Braves : RHP Ryan Peed
Pitching: RHP Ryan Peed
Batting: SHB Jamie Hoffman 0-0: Ball
1-0: Ball
2-0: Ball
3-0: Called Strike
3-1: SINGLE (Groundball, 6MD, EV 103.1 MPH)
Batting: LHB Todd Schuller 0-0: Swinging Strike
0-1: Called Strike
0-2: Foul Ball, location: 7LSF
0-2: Ball
1-2: Ball
2-2: Foul Ball, location: 2F
2-2: Strikes out swinging
Batting: RHB Zachary Gugliotta 0-0: Called Strike
0-1: Swinging Strike
0-2: Strikes out looking
Batting: LHB Phil Samsa 0-0: Foul Ball, location: 2F
0-1: Swinging Strike
0-2: Ball
1-2: 2-RUN HOME RUN (Flyball, 9D, EV 103.1 MPH), Distance : 403 ft
Batting: RHB Nate D'Acquisto 0-0: Ball
1-0: Foul Ball, location: 25F
1-1: Swinging Strike
1-2: Foul Ball, location: 3DF
1-2: Strikes out swinging
Top of the 1st over - 2 runs, 2 hits, 0 errors, 0 left on base; Pittsburgh 2 - Atlanta 0
BOTTOM OF THE 1ST
Atlanta Braves batting - Pitching for Pittsburgh Pirates : RHP Chris Niewinski
Pitching: RHP Chris Niewinski
Batting: LHB Jordan Montijo 0-0: Ball
1-0: Swinging Strike
1-1: Ball
2-1: Ball
3-1: Foul Ball, location: 3SF
3-2: Strikes out swinging
Batting: LHB Wade Ronsonet 0-0: Ball
1-0: Ball
2-0: Swinging Strike
2-1: Ball
3-1: Called Strike
3-2: SINGLE (Groundball, 6M, EV 101.3 MPH) (infield hit)
Batting: RHB Ramon Carrion 0-0: Swinging Strike
0-1: Ball
1-1: Ball
Wild Pitch!
Wade Ronsonet to second
2-1: Ground out 6-3 (Groundball, 6MD, EV 102.5 MPH)
Wade Ronsonet to third
Batting: SHB Carlos Carballo 0-0: Called Strike
0-1: Foul Ball, location: 3F
0-2: Ball
1-2: Ball
2-2: Ground out 6-3 (Groundball, 6, EV 97.5 MPH)
Bottom of the 1st over - 0 runs, 1 hit, 0 errors, 1 left on base; Pittsburgh 2 - Atlanta 0
TOP OF THE 2ND
Pittsburgh Pirates batting - Pitching for Atlanta Braves : RHP Ryan Peed
Batting: RHB Carlos Flores 0-0: Swinging Strike
0-1: Foul Ball, location: 2F
0-2: Ball
1-2: Ball
2-2: Ball
3-2: Strikes out swinging
Batting: RHB Alex Velazquez 0-0: Ball
1-0: Swinging Strike
1-1: Ground out 4-3 (Groundball, 4, EV 81.3 MPH)
Batting: RHB Bryan Dannemiller 0-0: Ground out 4-3 (Groundball, 4, EV 79.4 MPH)
Top of the 2nd over - 0 runs, 0 hits, 0 errors, 0 left on base; Pittsburgh 2 - Atlanta 0
BOTTOM OF THE 2ND
Atlanta Braves batting - Pitching for Pittsburgh Pirates : RHP Chris Niewinski
Batting: SHB Joe Richardson 0-0: Called Strike
0-1: Called Strike
0-2: Ball
1-2: Strikes out swinging
Batting: LHB Omar Carreon 0-0: Ball
1-0: Called Strike
1-1: Fly out, F6 (Popup, 56D, EV 61.9 MPH)
Batting: LHB Mike Hancock 0-0: Foul Ball, location: 3FF
0-1: DOUBLE (Flyball, 89XD, EV 108.1 MPH)
Batting: RHB Luis Saez 0-0: Foul Ball, location: 2F
0-1: Foul Ball, location: 5SF
0-2: Ball
1-2: Ball
2-2: Strikes out swinging, 2-3 out at first.
Bottom of the 2nd over - 0 runs, 1 hit, 0 errors, 1 left on base; Pittsburgh 2 - Atlanta 0
TOP OF THE 3RD
Pittsburgh Pirates batting - Pitching for Atlanta Braves : RHP Ryan Peed
Batting: RHB Jeremiah Coleman 0-0: Called Strike
0-1: Ball
1-1: Foul Ball, location: 5F
1-2: Foul Ball, location: 25F
1-2: Strikes out looking
Batting: SHB Jamie Hoffman 0-0: Ball
1-0: Swinging Strike
1-1: Swinging Strike
1-2: Strikes out swinging
Batting: LHB Todd Schuller 0-0: Called Strike
0-1: Fly out, F9 (Flyball, 89M, EV 88.8 MPH)
Top of the 3rd over - 0 runs, 0 hits, 0 errors, 0 left on base; Pittsburgh 2 - Atlanta 0
BOTTOM OF THE 3RD
Atlanta Braves batting - Pitching for Pittsburgh Pirates : RHP Chris Niewinski
Batting: RHB Matt Varner 0-0: Ball
1-0: Swinging Strike
1-1: Ball
2-1: Foul Ball, location: 9LSF
2-2: Ball
3-2: Base on Balls
Batting: LHB Jordan Montijo 0-0: Called Strike
0-1: Ball
1-1: Foul Ball, location: 5FF
1-2: Fly out, F3 (Popup, 34, EV 67.5 MPH)
Batting: LHB Wade Ronsonet 0-0: Called Strike
0-1: Foul Ball, location: 3DF
0-2: Ball
1-2: Strikes out swinging
Batting: RHB Ramon Carrion 0-0: Called Strike
0-1: Ball
1-1: Swinging Strike
1-2: Foul Ball, location: 7LSF
1-2: Foul Ball, location: 25F
1-2: Ball
2-2: Ball
3-2: DOUBLE (Line Drive, 89D, EV 105.0 MPH)
Matt Varner to third
Matt Varner scores
Batting: SHB Carlos Carballo 0-0: Ball
1-0: Ball
2-0: Ball
3-0: Called Strike
3-1: SINGLE (Groundball, 34D, EV 106.3 MPH)
Ramon Carrion to third
Runner from 3rd tries for Home, SAFE, throw by RF to home
Batting: SHB Joe Richardson 0-0: Ball
1-0: Swinging Strike
1-1: Foul Ball, location: 9LSF
1-2: SINGLE (Groundball, 34, EV 104.4 MPH)
Carlos Carballo to second
Runner from 2nd tries for 3rd, SAFE, throw by RF made to third
Batting: LHB Omar Carreon 0-0: Ball
1-0: Called Strike
Joe Richardson steals 2nd base
1-1: Ball
2-1: Called Strike
2-2: Strikes out swinging
Bottom of the 3rd over - 2 runs, 3 hits, 0 errors, 2 left on base; Pittsburgh 2 - Atlanta 2
TOP OF THE 4TH
Pittsburgh Pirates batting - Pitching for Atlanta Braves : RHP Ryan Peed
Batting: RHB Zachary Gugliotta 0-0: Called Strike
0-1: Swinging Strike
0-2: Ball
1-2: Strikes out swinging
Batting: LHB Phil Samsa 0-0: Ball
1-0: Called Strike
1-1: Swinging Strike
1-2: Ball
2-2: Foul Ball, location: 2F
2-2: Strikes out looking
Batting: RHB Nate D'Acquisto 0-0: Ball
1-0: Ground out U3 (Groundball, 34S, EV 91.9 MPH)
Top of the 4th over - 0 runs, 0 hits, 0 errors, 0 left on base; Pittsburgh 2 - Atlanta 2
BOTTOM OF THE 4TH
Atlanta Braves batting - Pitching for Pittsburgh Pirates : RHP Chris Niewinski
Batting: LHB Mike Hancock 0-0: Ball
1-0: Swinging Strike
1-1: Ball
2-1: Ball
3-1: Swinging Strike
3-2: Foul Ball, location: 2F
3-2: Strikes out looking
Batting: RHB Luis Saez 0-0: Ball
1-0: Ball
2-0: Called Strike
2-1: Fly out, F9 (Flyball, 89S, EV 85.0 MPH)
Batting: RHB Matt Varner 0-0: Ball
1-0: Ball
2-0: Called Strike
2-1: Foul Ball, location: 9LSF
2-2: Ground out 5-3 (Groundball, 56, EV 100.6 MPH)
Bottom of the 4th over - 0 runs, 0 hits, 0 errors, 0 left on base; Pittsburgh 2 - Atlanta 2
TOP OF THE 5TH
Pittsburgh Pirates batting - Pitching for Atlanta Braves : RHP Ryan Peed
Batting: RHB Carlos Flores 0-0: Ball
1-0: Ball
2-0: Ball
3-0: Base on Balls
Batting: RHB Alex Velazquez 0-0: Ball
1-0: Called Strike
1-1: Ball
2-1: SINGLE (Groundball, 6MD, EV 98.1 MPH)
Carlos Flores to second
Runner from 2nd tries for 3rd, SAFE, throw by CF made to third
Pitching: RHP Randy Clymer
Batting: RHB Bryan Dannemiller 0-0: Called Strike
0-1: Foul Ball, location: 5FF
0-2: Fly out, F8 (Line Drive, 8LM, EV 92.5 MPH)
Runner from 3rd tags up, SCORES, throw by CF
Batting: RHB Jeremiah Coleman 0-0: Foul Ball, location: 2F
0-1: Ball
1-1: Ball
2-1: Swinging Strike
2-2: Strikes out swinging
Batting: SHB Jamie Hoffman 0-0: Called Strike
0-1: Called Strike
0-2: Ball
1-2: SINGLE (Groundball, P, EV 80.6 MPH) (infield hit)
Alex Velazquez to second
Batting: LHB Todd Schuller 0-0: Called Strike
0-1: Ball
1-1: Fly out, F5 (Line Drive, 5, EV 75.6 MPH)
Top of the 5th over - 1 run, 2 hits, 0 errors, 2 left on base; Pittsburgh 3 - Atlanta 2
BOTTOM OF THE 5TH
Atlanta Braves batting - Pitching for Pittsburgh Pirates : RHP Chris Niewinski
Batting: LHB Jordan Montijo 0-0: Ball
1-0: Called Strike
1-1: Ball
2-1: Ground out 1-3 (Groundball, 13S, EV 75.0 MPH)
Batting: LHB Wade Ronsonet 0-0: Ball
1-0: Fly out, F8 (Flyball, 8LD, EV 103.8 MPH)
Batting: RHB Ramon Carrion 0-0: Fly out, F9 (Flyball, 9S, EV 96.3 MPH)
Bottom of the 5th over - 0 runs, 0 hits, 0 errors, 0 left on base; Pittsburgh 3 - Atlanta 2
TOP OF THE 6TH
Pittsburgh Pirates batting - Pitching for Atlanta Braves : RHP Randy Clymer
Pitching: RHP Pjotr de Graaf
Batting: RHB Zachary Gugliotta 0-0: Ball
1-0: Foul Ball, location: 2F
1-1: Swinging Strike
1-2: Foul Ball, location: 9LSF
1-2: Strikes out swinging
Batting: LHB Phil Samsa 0-0: Foul Ball, location: 25F
0-1: Ball
1-1: Foul Ball, location: 5FF
1-2: Fly out, F9 (Line Drive, 9S, EV 95.6 MPH)
Batting: RHB Nate D'Acquisto 0-0: Ball
1-0: Ball
2-0: Ball
3-0: Called Strike
3-1: Called Strike
3-2: Base on Balls
Batting: RHB Carlos Flores 0-0: Ball
1-0: Ball
2-0: Called Strike
2-1: Fly out, F9 (Flyball, 89M, EV 91.9 MPH)
Top of the 6th over - 0 runs, 0 hits, 0 errors, 1 left on base; Pittsburgh 3 - Atlanta 2
BOTTOM OF THE 6TH
Atlanta Braves batting - Pitching for Pittsburgh Pirates : RHP Chris Niewinski
Batting: SHB Carlos Carballo 0-0: Ball
1-0: Ball
2-0: Ball
3-0: Base on Balls
Pitching: RHP Emilio Rios
Batting: SHB Joe Richardson 0-0: Foul Ball, location: 2F
0-1: Called Strike
0-2: Foul Ball, location: 7LSFF
0-2: Ball
1-2: Strikes out swinging
Batting: LHB Omar Carreon 0-0: Called Strike
0-1: Foul Ball, location: 5FF
0-2: DOUBLE (Line Drive, 7LM, EV 105.6 MPH)
Carlos Carballo to third
Runner from 3rd tries for Home, SAFE, throw by LF to home
Batting: LHB Mike Hancock 0-0: Ball
1-0: Ground out 6-3 (Groundball, 6M, EV 100.0 MPH)
Omar Carreon to third
Batting: RHB Luis Saez 0-0: Called Strike
0-1: Ball
1-1: DOUBLE (Line Drive, 89D, EV 98.1 MPH)
Omar Carreon scores
Batting: RHB Matt Varner 0-0: Ball
1-0: Ball
2-0: Called Strike
2-1: Foul Ball, location: 7LMF
2-2: Fly out, F9 (Flyball, 89M, EV 76.9 MPH)
Bottom of the 6th over - 2 runs, 2 hits, 0 errors, 1 left on base; Pittsburgh 3 - Atlanta 4
TOP OF THE 7TH
Pittsburgh Pirates batting - Pitching for Atlanta Braves : RHP Pjotr de Graaf
Batting: RHB Alex Velazquez 0-0: Swinging Strike
0-1: Called Strike
0-2: Ball
1-2: Foul Ball, location: 2F
1-2: Strikes out swinging
Batting: RHB Bryan Dannemiller 0-0: Ball
1-0: Foul Ball, location: 5FF
1-1: Swinging Strike
1-2: SINGLE (Groundball, 56S, EV 85.0 MPH)
Pitching: RHP David Pearson
Batting: RHB Jeremiah Coleman 0-0: Called Strike
0-1: Called Strike
Bryan Dannemiller steals 2nd base
0-2: Foul Ball, location: 2F
0-2: Ball
1-2: Ground out 2-3 (Groundball, 15S, EV 64.4 MPH)
Batting: SHB Jamie Hoffman 0-0: 2-RUN HOME RUN (Flyball, 9D, EV 99.4 MPH), Distance : 379 ft
Batting: LHB Todd Schuller 0-0: Ball
1-0: Ball
2-0: Ball
3-0: Called Strike
3-1: Fly out, F9 (Flyball, 9D, EV 94.4 MPH)
Top of the 7th over - 2 runs, 2 hits, 0 errors, 0 left on base; Pittsburgh 5 - Atlanta 4
BOTTOM OF THE 7TH
Atlanta Braves batting - Pitching for Pittsburgh Pirates : RHP Emilio Rios
Batting: LHB Jordan Montijo 0-0: Foul Ball, location: 25F
0-1: Called Strike
0-2: Strikes out looking
Pitching: LHP Mike Garrett
Batting: LHB Wade Ronsonet 0-0: Ball
1-0: Ground out 6-3 (Groundball, 6M, EV 103.8 MPH)
Batting: RHB Ramon Carrion 0-0: Ball
1-0: Ball
2-0: Ball
3-0: Base on Balls
Batting: SHB Carlos Carballo 0-0: Ball
1-0: Called Strike
1-1: Foul Ball, location: 9LSF
1-2: SINGLE (Line Drive, 7S, EV 91.3 MPH)
Ramon Carrion to second
Batting: SHB Joe Richardson 0-0: Ball
1-0: Ball
2-0: Fielders Choice at 2nd, 6-4 (Groundball, 6, EV 110.6 MPH)
Bottom of the 7th over - 0 runs, 1 hit, 0 errors, 2 left on base; Pittsburgh 5 - Atlanta 4
TOP OF THE 8TH
Pittsburgh Pirates batting - Pitching for Atlanta Braves : RHP David Pearson
Batting: RHB Zachary Gugliotta 0-0: Ball
1-0: Foul Ball, location: 2RF
1-1: Called Strike
1-2: Ball
2-2: SINGLE (Line Drive, 78S, EV 101.9 MPH)
Batting: LHB Phil Samsa 0-0: Ball
1-0: Ball
2-0: Fly out, F8 (Flyball, 8LM, EV 85.0 MPH)
Batting: RHB Nate D'Acquisto 0-0: Called Strike
0-1: Swinging Strike
0-2: Ball
1-2: Foul Ball, location: 3F
1-2: Ball
2-2: Strikes out swinging
Batting: RHB Carlos Flores 0-0: Ball
Zachary Gugliotta steals 2nd base
1-0: Foul Ball, location: 3FF
1-1: Foul Ball, location: 2F
1-2: Strikes out swinging
Top of the 8th over - 0 runs, 1 hit, 0 errors, 1 left on base; Pittsburgh 5 - Atlanta 4
BOTTOM OF THE 8TH
Atlanta Braves batting - Pitching for Pittsburgh Pirates : LHP Mike Garrett
Pitching: RHP Dana House
Batting: LHB Omar Carreon 0-0: Ball
1-0: Foul Ball, location: 3F
1-1: Called Strike
1-2: Fly out, F5 (Popup, 5S, EV 83.8 MPH)
Batting: LHB Mike Hancock 0-0: Ball
1-0: Foul Ball, location: 5F
1-1: Swinging Strike
1-2: Strikes out looking
Pinch Hitting: LHB Felix Garza 0-0: Ball
1-0: Ground out 5-3 (Groundball, 56, EV 79.4 MPH)
Bottom of the 8th over - 0 runs, 0 hits, 0 errors, 0 left on base; Pittsburgh 5 - Atlanta 4
TOP OF THE 9TH
Pittsburgh Pirates batting - Pitching for Atlanta Braves : RHP David Pearson
Pitching: RHP Jeremy Jenkins
Now at 3B: Felix Garza
Pinch Hitting: RHB Randy Wilson 0-0: Foul Ball, location: 2F
0-1: Ball
1-1: Ball
2-1: Ball
3-1: Foul Ball, location: 5F
3-2: Ground out 5-3 (Groundball, 5L, EV 84.4 MPH)
Batting: RHB Bryan Dannemiller 0-0: Ball
1-0: Ball
2-0: Called Strike
2-1: Swinging Strike
2-2: Foul Ball, location: 2F
2-2: SINGLE (Groundball, 6MD, EV 103.8 MPH)
Batting: RHB Jeremiah Coleman 0-0: Ball
1-0: Called Strike
1-1: Foul Ball, location: 25FF
1-2: DOUBLE (Groundball, 5L, EV 102.5 MPH)
Bryan Dannemiller to third
Runner from 3rd tries for Home, SAFE, no throw by LF
Batting: SHB Jamie Hoffman 0-0: Intentional Walk
Batting: LHB Todd Schuller 0-0: Called Strike
0-1: Swinging Strike
0-2: Foul Ball, location: 3SF
0-2: Ball
1-2: Strikes out swinging
Batting: RHB Zachary Gugliotta 0-0: Called Strike
0-1: Swinging Strike
0-2: Foul Ball, location: 5F
0-2: Strikes out swinging
Top of the 9th over - 1 run, 2 hits, 0 errors, 2 left on base; Pittsburgh 6 - Atlanta 4
BOTTOM OF THE 9TH
Atlanta Braves batting - Pitching for Pittsburgh Pirates : RHP Dana House
Now at C: Alejandro Reyes
Batting: RHB Matt Varner 0-0: Called Strike
0-1: Ball
1-1: Called Strike
1-2: Foul Ball, location: 2F
1-2: Reached on error, E6 (Groundball, 6, EV 105.6 MPH)
Batting: LHB Jordan Montijo 0-0: Fly out, F8 (Flyball, 8RM, EV 89.4 MPH)
Batting: LHB Wade Ronsonet 0-0: Ball
1-0: Called Strike
1-1: Foul Ball, location: 2F
1-2: Ball
2-2: Strikes out swinging
Pitching: RHP Joe Duncan
Batting: RHB Ramon Carrion 0-0: Fly out, F8 (Flyball, 8LD, EV 96.9 MPH)
Bottom of the 9th over - 0 runs, 0 hits, 1 error, 1 left on base; Pittsburgh 6 - Atlanta 4
Tuesday, April 16th , 2024 - OOTP Baseball 24.11 Build 85